 Dungeon Crawl Stone Soup version 0.20.0-15-g7f486f2 (webtiles) character file.

182 theElss the Cudgeler (level 5, -6/34 HPs)
             Began as a Gargoyle Berserker on June 25, 2017.
             Was a Believer of Trog.
             Mangled by Sigmund
             ... wielding a +2 scythe of protection
              (10 damage)
             ... on level 3 of the Dungeon.
             The game lasted 00:04:19 (2075 turns).

theElss the Cudgeler (Gargoyle Berserker)           Turns: 2075, Time: 00:04:20

Health: -6/34      AC:  7    Str: 22    XL:     5   Next: 62%
Magic:  5/5        EV: 12    Int:  7    God:    Trog [**....]
Gold:   144        SH:  0    Dex:  9    Spells: 4/4 levels left

rFire    . . .     SeeInvis .   a - +0 mace
rCold    . . .     Gourm    .   (no shield)
rNeg     + . .     Faith    .   b - +0 animal skin
rPois    ∞         Spirit   .   (no helmet)
rElec    +         Reflect  .   (no cloak)
rCorr    .         Harm     .   (no gloves)
MR       .....                  d - +0 pair of boots
Stlth    +.........             (no amulet)
Regen    0.2/turn               (no ring)
MPRegen  0.1/turn               (no ring)

@: berserk cooldown, slowed, very slow
A: negative energy resistance 1, electricity resistance, unbreathing,
petrification resistance, rot immunity, AC +4
a: Berserk, Trog's Hand, Burn Spellbooks, Renounce Religion


You were on level 3 of the Dungeon.
You worshipped Trog.
Trog was pleased with you.
You were hungry.

You visited 1 branch of the dungeon, and saw 3 of its levels.

You collected 144 gold pieces.

Inventory:

Hand Weapons
 a - a +0 mace (weapon)
Armour
 b - a +0 animal skin (worn)
 d - a +0 pair of boots (worn)
Jewellery
 e - an uncursed ring of protection from cold {unknown}
 q - an uncursed ring of wizardry {unknown}
 u - a cursed ring of magical power {unknown}
Wands
 n - a wand of acid (8/15)
Scrolls
 g - a scroll of enchant weapon {unknown}
 h - 3 scrolls of remove curse {unknown}
 i - a scroll of blinking {unknown}
 m - a scroll of identify {unknown}
 p - a scroll of magic mapping {unknown}
Potions
 f - 3 potions of ambrosia {unknown}
 j - a potion of flight {unknown}
 k - a potion of might {unknown}
 l - a potion of degeneration {unknown}
 o - 2 potions of heal wounds {unknown}
 s - 2 potions of resistance {unknown}
 t - a potion of brilliance {unknown}
Comestibles
 c - 2 bread rations


   Skills:
 + Level 4.3 Fighting
 + Level 4.8 Maces & Flails
 + Level 2.5 Armour
 + Level 2.4 Dodging
 + Level 0.2 Stealth


You had 4 spell levels left.
You didn't know any spells.

Dungeon Overview and Level Annotations

Branches:
Dungeon (3/15)

Altars:

Annotations:
D:3 Sigmund


Innate Abilities, Weirdness & Mutations

You are resistant to torment.
Your stone body is resilient. (AC +4)
You are immune to poison.
You resist negative energy. (rN+)
You are resistant to electric shocks. (rElec)
You can survive without breathing.
You are immune to petrification.
You are immune to rotting.


Message History

Unknown command.
You're too confused!
There isn't anything here!
You're too confused!
You bump into the rock wall.
Sigmund barely misses you.
Unknown command.
Unknown command.
You bump into the rock wall.
Sigmund misses you.
Unknown command.
You bump into the rock wall.
You feel less confused. Sigmund barely misses you.
Unknown command.
Sigmund gestures wildly while chanting.
Sigmund flickers and vanishes!
Deactivating autopickup; reactivate with Ctrl-A.
Something hits you but does no damage.
There is a stone staircase leading up here.
Something hits you!
You die...

.........# #>....#....#
###......## #..........# #
#.......###.......###
####..#........#....# ###
##......#.....##.####
..######.....>..........S
..##...).###..###..####.#
..#..#####...#####....#.########.
...............†@.{.>..........r.
..########.#.#########...........
....... #....# #......##........
..####. ...### ...########.......
..# ... ....... ### (......
....... #######


There were no monsters in sight!

Vanquished Creatures
  A crimson imp (D:3)
  Natasha (thrice) (D:3)
  3 adders
  An ooze (D:1)
  A dart slug (D:1)
  A leopard gecko (D:1)
  A giant cockroach (D:1)
  8 goblins
  5 hobgoblins
  6 jackals
  A bat (D:1)
  A frilled lizard (D:2)
  6 kobolds
  4 rats (D:2)
42 creatures vanquished.

Notes
Turn   | Place    | Note
-------+----------+-------------------------------------------
     0 | D:1      | theElss the Gargoyle Berserker began the quest for the Orb.
     0 | D:1      | Reached XP level 1. HP: 14/14 MP: 1/1
   106 | D:1      | Reached XP level 2. HP: 16/19 MP: 2/2
   323 | D:1      | Reached XP level 3. HP: 18/23 MP: 3/3
   896 | D:2      | Reached ** piety under Trog
  1540 | D:3      | Reached XP level 4. HP: 29/29 MP: 4/4
  1550 | D:3      | Noticed Natasha
  1577 | D:3      | Killed Natasha
  1861 | D:3      | Reached XP level 5. HP: 23/33 MP: 5/5
  1888 | D:3      | Noticed Natasha
  1897 | D:3      | Killed Natasha
  1905 | D:3      | Noticed Natasha
  1910 | D:3      | Killed Natasha
  1934 | D:3      | Noticed Sigmund
  2075 | D:3      | Mangled by Sigmund

Skill      XL: |  1  2  3  4 |
---------------+-------------+-----
Maces & Flails | 4 |  4.8
Dodging        | 2 |  2.4
Fighting       | 4 |  4.3
Armour         | |  2.5
Stealth        | |  0.2

Action                   |  1- 3 |  4- 6 || total
-------------------------+-------+-------++-------
Melee: Mace              |   102 |    86 ||   188
Invok: Berserk           |       |     2 ||     2
  Eat: Chunk             |     2 |     1 ||     3
       Royal jelly       |       |     1 ||     1
Armor: Animal skin       |    30 |    29 ||    59
Dodge: Dodged            |    83 |    47 ||   130
